 Dungeon Crawl Stone Soup version 0.31-a0-620-gd1cbd99268 (webtiles) character file.

Game seed: 9352687971471638308

534 Cummy the Trooper (level 7, -2/75 HPs)
             Began as an Ogre Berserker on Aug 23, 2023.
             Was a Priest of Trog.
             Slain by Dowan
             ... wielding a +2 dagger of venom
              (6 damage)
             ... on level 5 of the Dungeon.
             The game lasted 00:14:34 (4718 turns).

Cummy the Trooper (Ogre Berserker)                  Turns: 4718, Time: 00:14:37

Health: -2/75      AC: 10    Str: 21 (24) XL:     7   Next: 25%
Magic:  7/7        EV: 15    Int:  7 (8)  God:    Trog [***...]
Gold:   280        SH:  0    Dex:  5 (8)  Spells: 6/6 levels left

rFire   + . .        v - +2 flail (protect)
rCold   + . .        (no shield)
rNeg    . . .        b - +0 animal skin
rPois   .            (helmet restricted)
rElec   .            e - scarf {rC+ rF+}
rCorr   .            (gloves unavailable)
SInv    +            (boots unavailable)
Will    ++...        (no amulet)
Stlth   +            o - ring of see invisible
HPRegen 1.32/turn    p - +5 ring of evasion
MPRegen 0.10/turn

%: no passive effects
@: mighty, lethally poisoned (-2 -> -13), strong-willed, under a protective
aura, on berserk cooldown, regenerating
A: large, unfitting armour, tough skin 1
a: Renounce Religion, Berserk, Trog's Hand


You were on level 5 of the Dungeon.
You worshipped Trog.
Trog was most pleased with you.
You visited 1 branch of the dungeon, and saw 5 of its levels.

You collected 280 gold pieces.

Inventory:

Hand Weapons
 a - a +0 hand axe
 k - a +0 long sword
 v - a +2 flail of protection (weapon)
Armour
 b - a +0 animal skin (worn)
 c - a +0 helmet
 e - a scarf of resistance (worn)
 m - a +1 pair of gloves
Jewellery
 o - a ring of see invisible (left hand)
 p - a +5 ring of evasion (right hand)
 q - an amulet of faith
 s - an amulet of the acrobat
 t - a ring of ice
Wands
 d - a wand of flame (19)
Scrolls
 j - 2 scrolls of blinking {unknown}
 l - a scroll of enchant weapon {unknown}
 n - 3 scrolls of identify {unknown}
 u - a scroll of enchant armour {unknown}
Potions
 g - a potion of degeneration
 h - 2 potions of mutation {unknown}
 i - 2 potions of curing {unknown}
 r - a potion of lignification {unknown}


   Skills:
 + Level 6.1 Fighting
 + Level 4.0 Long Blades
 + Level 3.9(4.0) Axes
 + Level 0.2(2.1) Maces & Flails
 + Level 4.1 Dodging
 + Level 0.5 Stealth


You had 6 spell levels left.
You didn't know any spells.
Your spell library contained the following spells:

 Spells                   Type           Power      Damage    Failure   Level
 Cigotuvi's Dreadful Rot  Necr/Pois/Air  0%         N/A       56%         2
 Lesser Beckoning         Tloc           0%         N/A       56%         2
 Gell's Gravitas          Tloc           0%         N/A       80%         3
 Teleport Other           Tloc           0%         N/A       80%         3
 Vhi's Electric Charge    Tloc/Air       0%         N/A       80%         3
 Dispel Undead            Necr           0%         3d6       99%         4
 Arcjolt                  Conj/Air       0%         1d10      100%        5
 Death Channel            Necr           0%         N/A       100%        6
 Plasma Beam              Fire/Air       0%         2x1d10    100%        6


Dungeon Overview and Level Annotations

Branches:
Dungeon (5/15)
 Temple: D:4-7

Altars:
Dithmenos
Hepliaklqana
Kikubaaqudgha
Uskayaw

Annotations:
D:5 Dowan


Innate Abilities, Weirdness & Mutations

You are too large for most types of armour.
You have tough skin. (AC +1)


Message History

Dowan closely misses you. Duvessa hits you with a +0 rapier.
You closely miss Dowan.
Dowan is severely wounded.
You feel yourself speed up.
You feel sick. Duvessa closely misses you.
Dowan hits you with a +2 dagger of venom.
You are more poisoned.
Duvessa hits you with a +0 rapier!
* * * LOW HITPOINT WARNING * * *
Dowan closely misses you.
You feel very mighty all of a sudden.
You feel sick. Duvessa hits you with a +0 rapier!
* * * LOW HITPOINT WARNING * * *
Dowan misses you.
You sock Duvessa!
Your weapon exudes an aura of protection.
You kill Duvessa!
Trog accepts your kill.
Dowan seems overcome with grief.
Dowan seems to find hidden reserves of power!
You feel sick.
Dowan shakes with grief.
Dowan hits you but does no damage.
You are more poisoned.
Dowan closely misses you.
Your Long Blades skill increases to level 4!
You barely miss Dowan.
Dowan is severely wounded.
You feel very sick. Dowan hits you but does no damage.
You are lethally poisoned!
Dowan hits you but does no damage.
You are more poisoned.
It was a potion of degeneration.
There was something very wrong with that liquid.
You feel weakened.
You feel dopey.
You feel clumsy.
* * * LOW HITPOINT WARNING * * *
You feel extremely sick.
Dowan hits you with a +2 dagger of venom.
You die...

###. #....# #.... .... ...
#.# #.####.#########
#......e@)...$.#
######.######.#. #.# .#
#.# ..# ############.#
<..#. #......<.....#......
#...................
#...........#########.####
#######..........†.......#


You could see Dowan (fast).

Vanquished Creatures
  Duvessa (D:5)
  A scorpion (D:4)
  A hound (D:4)
  A jelly (D:5)
  A gnoll bouda (D:3)
  2 iguanas
  2 orc wizards (D:4)
  5 gnolls (D:3)
  2 adders (D:3)
  An ufetubus (D:4)
  3 worms
  6 dart slugs
  7 orcs
  5 bats
  12 endoplasms
  A giant cockroach (D:2)
  4 goblins
  9 hobgoblins
  4 quokkas
  20 ball pythons
  4 frilled lizards
  5 kobolds
  4 rats
101 creatures vanquished.

Notes
Turn   | Place    | Note
-------+----------+-------------------------------------------
     0 | D:1      | Cummy the Ogre Berserker began the quest for the Orb.
     0 | D:1      | Reached XP level 1. HP: 24/24 MP: 1/1
    93 | D:1      | Reached XP level 2. HP: 30/32 MP: 2/2
   284 | D:1      | Reached XP level 3. HP: 34/40 MP: 3/3
   323 | D:1      | Reached ** piety under Trog
   332 | D:1      | Found a faded altar of an unknown god.
  1369 | D:2      | Reached XP level 4. HP: 41/49 MP: 4/4
  2127 | D:3      | Found a hazy altar of Hepliaklqana.
  2301 | D:3      | Reached skill level 1 in Long Blades
  2604 | D:3      | Reached *** piety under Trog
  2756 | D:3      | Reached XP level 5. HP: 55/55 MP: 5/5
  2822 | D:3      | Reached skill level 5 in Fighting
  3516 | D:4      | Found a shadowy altar of Dithmenos.
  3540 | D:4      | HP: 2/57 [poisoned by a scorpion]
  3543 | D:4      | Reached XP level 6. HP: 1/66 MP: 6/6
  3888 | D:4      | Found an ancient bone altar of Kikubaaqudgha.
  3956 | D:4      | Found a hide-covered altar of Uskayaw.
  4520 | D:5      | Entered Level 5 of the Dungeon
  4542 | D:5      | Reached skill level 6 in Fighting
  4581 | D:5      | Reached XP level 7. HP: 42/75 MP: 7/7
  4694 | D:5      | Noticed Duvessa
  4694 | D:5      | Noticed Dowan
  4716 | D:5      | Killed Duvessa
  4718 | D:5      | Slain by Dowan

Illustrated notes

Levels and vault maps discovered:
D:1:      lemuel_arrival_lava_pool, layout_loops_ring,
          ebering_ecumenical_altar_webs
D:2:      layout_basic
D:3:      minmay_chambers_of_twos, layout_loops_ring,
          mainiacjoe_overflow_concentric_impassable, serial_forest,
          infiniplex_forest_clump_small, infiniplex_forest_straight_3,
          infiniplex_forest_lined_2, infiniplex_forest_clump_long,
          infiniplex_forest_clump_cross, infiniplex_forest_corner_1,
          infiniplex_forest_end_3, infiniplex_forest_end_2,
          infiniplex_forest_clump_tiny, minmay_liquid_box,
          hangedman_decor_slide_cut, minmay_checkerbox
D:4:      layout_rooms, mainiacjoe_overflow_cross_hatched,
          mainiacjoe_overflow_catch_the_wave
D:5:      layout_basic, minmay_temple_entry_fiery, minmay_shop_grid_forest,
          uniq_duvessa

Skill      XL: |  1  2  3  4  5  6  7 |
---------------+----------------------+-----
Dodging        | 3 4 |  4.1
Long Blades    | 1 2 3 4 |  4.0
Fighting       | 5 6 |  6.1
Axes           | |  3.9
Maces & Flails | |  0.2
Stealth        | |  0.5

Action                     |  1- 3 |  4- 6 |  7- 9 || total
---------------------------+-------+-------+-------++-------
  Melee: Hand axe          |    78 |       |       ||    78
         Long sword        |    43 |   253 |       ||   296
         Punch             |       |     2 |     1 ||     3
         Flail             |       |       |    16 ||    16
 Invoke: Berserk           |       |     4 |     1 ||     5
         Trog's Hand       |       |     2 |     1 ||     3
    Use: Potion            |       |     5 |     2 ||     7
         Scroll            |       |     1 |       ||     1
 Armour: Animal skin       |    42 |    66 |    11 ||   119
  Dodge: Dodged            |    75 |   230 |    23 ||   328

Table legend: (Time is in decaauts)
 A = Elapsed time spent in this place.
 B = Non-inter-level travel time spent in this place.
 C = Inter-level travel time spent in this place.
 D = Time resting spent in this place.
 E = Time spent auto-exploring this place.
 F = Levels seen in this place.
 G = Mean time per level.
                   A        B        C        D        E       F      G
               +--------+--------+--------+--------+--------+-----+--------+
         Total |   4860 |   4860 |      0 |    788 |   2645 |   5 |  972.0 |
       Dungeon |   4860 |   4860 |      0 |    788 |   2645 |   5 |  972.0 |
               +--------+--------+--------+--------+--------+-----+--------+

Top non-repeatable levels by time:
     D:3: 1904 daAuts
     D:4: 1040 daAuts
     D:2: 909 daAuts
     D:1: 794 daAuts
     D:5: 210 daAuts
